TOP OF THE 1ST |
Kosovo Apple Sox batting - Pitching for Tbilisi Tritons : RHP Chan Bui
|
Pitching: RHP Chan Bui
|
|
Batting: LHB Waleed Moyenda
|
0-0: Called Strike 0-1: Ball 1-1: Ball 2-1: Ground out U3 (Groundball, 3, EV 93.8 MPH)
|
Batting: RHB Qutaiba Zuhayr
|
0-0: Ball 1-0: Called Strike 1-1: Called Strike 1-2: Ball 2-2: Ball 3-2: Base on Balls
|
Batting: LHB Antti Vilkuna
|
0-0: Ball 1-0: Called Strike 1-1: Ball 2-1: DOUBLE (Line Drive, 9LM, EV 106.9 MPH) Qutaiba Zuhayr to third Runner from 3rd tries for Home, SAFE, throw by RF to trailing runner, SAFE at third!
|
Batting: RHB Asim Wasim
|
0-0: Foul Ball, location: 25F 0-1: Ball 1-1: Foul Ball, location: 9LMF 1-2: Ground out 6-3 (Groundball, 6, EV 89.4 MPH)
|
Batting: SHB Artyusha Poghosbekova
|
0-0: Ball 1-0: Ball 2-0: Fly out, F7 (Flyball, 78D, EV 105.6 MPH)
|
Top of the 1st over - 1 run, 1 hit, 0 errors, 1 left on base; Kosovo 1 - Tbilisi 0 |
BOTTOM OF THE 1ST |
Tbilisi Tritons batting - Pitching for Kosovo Apple Sox : LHP Firas bin Ayyad
|
Pitching: LHP Firas bin Ayyad
|
|
Batting: RHB Duffy Ball
|
0-0: Ball 1-0: Ball 2-0: Ball 3-0: Called Strike 3-1: Base on Balls
|
Batting: RHB Hau Hoang
|
0-0: Foul Ball, location: 2F 0-1: Ball 1-1: Ball 2-1: Ball 3-1: Fielders Choice at 2nd, 1-6 (Groundball, 34S, EV 71.3 MPH)
|
Batting: RHB Paramananda Chitrangda
|
0-0: Ball 1-0: Called Strike 1-1: Foul Ball, location: 2LF 1-2: Foul Ball, location: 25FF 1-2: Ball 2-2: Ball 3-2: Fly out, F7 (Flyball, 78M, EV 84.4 MPH)
|
Batting: SHB Hydajet Raco
|
0-0: Ball 1-0: Fielders Choice at 2nd, 5-4 (Groundball, 56, EV 95.6 MPH)
|
Bottom of the 1st over - 0 runs, 0 hits, 0 errors, 1 left on base; Kosovo 1 - Tbilisi 0 |
TOP OF THE 2ND |
Kosovo Apple Sox batting - Pitching for Tbilisi Tritons : RHP Chan Bui
|
Batting: SHB Eryx Valkanas
|
0-0: Ball 1-0: Foul Ball, location: 2F 1-1: Ball 2-1: Ground out 4-3 (Groundball, 4, EV 106.9 MPH)
|
Batting: LHB Gomez Cepeda
|
0-0: Called Strike 0-1: Ball 1-1: Foul Ball, location: 2F 1-2: Ground out 3-1 (Groundball, 34, EV 94.4 MPH)
|
Batting: RHB Matin bin Samir
|
0-0: Ball 1-0: Ground out 1-3 (Groundball, 13S, EV 69.4 MPH)
|
Top of the 2nd over - 0 runs, 0 hits, 0 errors, 0 left on base; Kosovo 1 - Tbilisi 0 |
BOTTOM OF THE 2ND |
Tbilisi Tritons batting - Pitching for Kosovo Apple Sox : LHP Firas bin Ayyad
|
Batting: RHB Zhi-peng Chen
|
0-0: Foul Ball, location: 2F 0-1: Ball 1-1: Called Strike 1-2: Ball 2-2: Foul Ball, location: 7LMF 2-2: Ball 3-2: Foul Ball, location: 3SF 3-2: Base on Balls
|
Batting: RHB Carlton Porter
|
0-0: Sac Bunt to P - play at first, batter OUT! 1-3 Zhi-peng Chen to second
|
Batting: RHB Alheib al-Qadhafi
|
0-0: Ball 1-0: Called Strike 1-1: Ball 2-1: Ball 3-1: Base on Balls
|
Batting: RHB Alexandre Bousquet
|
0-0: Called Strike 0-1: Swinging Strike 0-2: Foul Ball, location: 25F 0-2: Ball 1-2: Fielders Choice at 2nd, 3-6 (Groundball, 34, EV 78.1 MPH) Zhi-peng Chen to third
|
Batting: LHB Teferra Morceli
|
0-0: Ball 1-0: Called Strike 1-1: Foul Ball, location: 7LDF 1-2: Fly out, F8 (Line Drive, 78M, EV 105.6 MPH)
|
Bottom of the 2nd over - 0 runs, 0 hits, 0 errors, 2 left on base; Kosovo 1 - Tbilisi 0 |
TOP OF THE 3RD |
Kosovo Apple Sox batting - Pitching for Tbilisi Tritons : RHP Chan Bui
|
Batting: LHB Gilberto Mira
|
0-0: Foul Ball, location: 2F 0-1: Ball 1-1: Called Strike 1-2: Ball 2-2: Ball 3-2: Foul Ball, location: 5FF 3-2: Fly out, F3 (Popup, 3SF, EV 73.1 MPH)
|
Batting: LHB Waleed Moyenda
|
0-0: Called Strike 0-1: Foul Ball, location: 23F 0-2: Foul Ball, location: 25FF 0-2: Ball 1-2: Strikes out looking
|
Batting: RHB Qutaiba Zuhayr
|
0-0: Ground out 6-3 (Groundball, 6, EV 88.1 MPH)
|
Top of the 3rd over - 0 runs, 0 hits, 0 errors, 0 left on base; Kosovo 1 - Tbilisi 0 |
BOTTOM OF THE 3RD |
Tbilisi Tritons batting - Pitching for Kosovo Apple Sox : LHP Firas bin Ayyad
|
Batting: RHB Duffy Ball
|
0-0: Ball 1-0: Ball 2-0: Ball 3-0: Foul Ball, location: 2F 3-1: Called Strike 3-2: Ground out 3-1 (Groundball, 34S, EV 87.5 MPH)
|
Batting: RHB Hau Hoang
|
0-0: Ball 1-0: Ball 2-0: Ball 3-0: Base on Balls
|
Batting: RHB Paramananda Chitrangda
|
0-0: Called Strike 0-1: Ball 1-1: Ball Hau Hoang is caught stealing 2nd base 2-4 2-1: Called Strike 2-2: Foul Ball, location: 2F 2-2: Fly out, F7 (Flyball, 78M, EV 83.1 MPH)
|
Bottom of the 3rd over - 0 runs, 0 hits, 0 errors, 0 left on base; Kosovo 1 - Tbilisi 0 |
TOP OF THE 4TH |
Kosovo Apple Sox batting - Pitching for Tbilisi Tritons : RHP Chan Bui
|
Batting: LHB Antti Vilkuna
|
0-0: Ball 1-0: Called Strike 1-1: Called Strike 1-2: Ball 2-2: Strikes out swinging
|
Batting: RHB Asim Wasim
|
0-0: Ball 1-0: Ground out 4-3 (Groundball, 34, EV 99.4 MPH)
|
Batting: SHB Artyusha Poghosbekova
|
0-0: Ball 1-0: Fly out, F8 (Flyball, 8LD, EV 86.3 MPH)
|
Top of the 4th over - 0 runs, 0 hits, 0 errors, 0 left on base; Kosovo 1 - Tbilisi 0 |
BOTTOM OF THE 4TH |
Tbilisi Tritons batting - Pitching for Kosovo Apple Sox : LHP Firas bin Ayyad
|
Batting: SHB Hydajet Raco
|
0-0: SINGLE (Groundball, 6M, EV 82.5 MPH) (infield hit)
|
Batting: RHB Zhi-peng Chen
|
0-0: Ball 1-0: Ball 2-0: Ball 3-0: Called Strike 3-1: Base on Balls Hydajet Raco to second
|
Batting: RHB Carlton Porter
|
0-0: Called Strike 0-1: Sac Bunt to 15 - play at first, batter OUT! 1-3 Hydajet Raco to third Zhi-peng Chen to second
|
Batting: RHB Alheib al-Qadhafi
|
0-0: Called Strike 0-1: Swinging Strike 0-2: Ball 1-2: Foul Ball, location: 23F 1-2: Ground out 6-3 (Groundball, 6MS, EV 65.6 MPH) Hydajet Raco scores
|
Batting: RHB Alexandre Bousquet
|
0-0: Ball 1-0: Swinging Strike 1-1: Foul Ball, location: 2F 1-2: SINGLE (Groundball, 6MD, EV 108.8 MPH) (infield hit) Zhi-peng Chen to third
|
Pitching: LHP Yanni Kani
|
|
Batting: LHB Teferra Morceli
|
0-0: Fly out, F9 (Line Drive, 9LM, EV 106.9 MPH)
|
Bottom of the 4th over - 1 run, 2 hits, 0 errors, 2 left on base; Kosovo 1 - Tbilisi 1 |
TOP OF THE 5TH |
Kosovo Apple Sox batting - Pitching for Tbilisi Tritons : RHP Chan Bui
|
Batting: SHB Eryx Valkanas
|
0-0: Ball 1-0: Ground out 4-3 (Groundball, 4, EV 86.3 MPH)
|
Batting: LHB Gomez Cepeda
|
0-0: Called Strike 0-1: Swinging Strike 0-2: Strikes out swinging
|
Batting: RHB Matin bin Samir
|
0-0: Ball 1-0: Foul Ball, location: 2F 1-1: Ball 2-1: Ground out 4-3 (Groundball, 4M, EV 89.4 MPH)
|
Top of the 5th over - 0 runs, 0 hits, 0 errors, 0 left on base; Kosovo 1 - Tbilisi 1 |
BOTTOM OF THE 5TH |
Tbilisi Tritons batting - Pitching for Kosovo Apple Sox : LHP Yanni Kani
|
Batting: RHB Duffy Ball
|
0-0: SINGLE (Groundball, 6MD, EV 95.6 MPH)
|
Batting: RHB Hau Hoang
|
0-0: Ball 1-0: Sac Bunt to 15S - play at first, batter OUT! 1-3 Duffy Ball to second
|
Batting: RHB Paramananda Chitrangda
|
0-0: Called Strike 0-1: Foul Ball, location: 2F 0-2: Ball 1-2: Foul Ball, location: 7LDF 1-2: SINGLE (Groundball, 6S, EV 86.3 MPH) Duffy Ball to third
|
Batting: SHB Hydajet Raco
|
0-0: Fly out, F6 (Popup, P, EV 73.1 MPH)
|
Batting: RHB Zhi-peng Chen
|
0-0: Swinging Strike 0-1: Ball 1-1: Foul Ball, location: 2F 1-2: Hit by Pitch Paramananda Chitrangda to second
|
Batting: RHB Carlton Porter
|
0-0: Ball 1-0: Called Strike 1-1: Foul Ball, location: 2F 1-2: Strikes out swinging
|
Bottom of the 5th over - 0 runs, 2 hits, 0 errors, 3 left on base; Kosovo 1 - Tbilisi 1 |
TOP OF THE 6TH |
Kosovo Apple Sox batting - Pitching for Tbilisi Tritons : RHP Chan Bui
|
Batting: LHB Gilberto Mira
|
0-0: Foul Ball, location: 5F 0-1: Ground out 6-3 (Groundball, 6M, EV 68.8 MPH)
|
Batting: LHB Waleed Moyenda
|
0-0: SINGLE (Groundball, 34D, EV 105.0 MPH)
|
Batting: RHB Qutaiba Zuhayr
|
0-0: Called Strike 0-1: Ball 1-1: Foul Ball, location: 5F 1-2: Foul Ball, location: 9LMF 1-2: Grounds into double play, 4-6-3 (Groundball, 4, EV 79.4 MPH)
|
Top of the 6th over - 0 runs, 1 hit, 0 errors, 0 left on base; Kosovo 1 - Tbilisi 1 |
BOTTOM OF THE 6TH |
Tbilisi Tritons batting - Pitching for Kosovo Apple Sox : LHP Yanni Kani
|
Batting: RHB Alheib al-Qadhafi
|
0-0: Called Strike 0-1: Foul Ball, location: 3DF 0-2: Ball 1-2: Foul Ball, location: 3DF 1-2: DOUBLE (Flyball, 8LD, EV 101.3 MPH)
|
Batting: RHB Alexandre Bousquet
|
0-0: Swinging Strike 0-1: Foul Ball, location: 2F 0-2: Ball 1-2: Fly out, F8 (Flyball, 8LM, EV 97.5 MPH)
|
Batting: LHB Teferra Morceli
|
0-0: Called Strike 0-1: Ball 1-1: Foul Ball, location: 7LSF 1-2: Strikes out swinging
|
Batting: RHB Duffy Ball
|
0-0: Ground out 6-3 (Groundball, 6M, EV 103.1 MPH)
|
Bottom of the 6th over - 0 runs, 1 hit, 0 errors, 1 left on base; Kosovo 1 - Tbilisi 1 |
TOP OF THE 7TH |
Kosovo Apple Sox batting - Pitching for Tbilisi Tritons : RHP Chan Bui
|
Batting: LHB Antti Vilkuna
|
0-0: Ground out 4-3 (Groundball, 4, EV 83.8 MPH)
|
Batting: RHB Asim Wasim
|
0-0: Ground out 6-3 (Groundball, 6, EV 88.8 MPH)
|
Batting: SHB Artyusha Poghosbekova
|
0-0: Called Strike 0-1: Foul Ball, location: 2F 0-2: Foul Ball, location: 2F 0-2: Ball 1-2: Ball 2-2: Fly out, F4 (Popup, 34D, EV 55.0 MPH)
|
Top of the 7th over - 0 runs, 0 hits, 0 errors, 0 left on base; Kosovo 1 - Tbilisi 1 |
BOTTOM OF THE 7TH |
Tbilisi Tritons batting - Pitching for Kosovo Apple Sox : LHP Yanni Kani
|
Batting: RHB Hau Hoang
|
0-0: Ball 1-0: Foul Ball, location: 7LMF 1-1: Ball 2-1: Foul Ball, location: 9LSF 2-2: Strikes out swinging
|
Batting: RHB Paramananda Chitrangda
|
0-0: Ball 1-0: Ball 2-0: SOLO HOME RUN (Flyball, 8LXD, EV 107.5 MPH), Distance : 411 ft
|
Batting: SHB Hydajet Raco
|
0-0: Swinging Strike 0-1: SINGLE (Flyball, 56D, EV 96.3 MPH)
|
Batting: RHB Zhi-peng Chen
|
0-0: Foul Ball, location: 9LMF 0-1: Called Strike 0-2: Ball 1-2: Hit by Pitch Hydajet Raco to second
|
Batting: RHB Carlton Porter
|
0-0: Fly out, F3 (Popup, 3S, EV 78.8 MPH)
|
Batting: RHB Alheib al-Qadhafi
|
0-0: SINGLE (Line Drive, 4M, EV 98.1 MPH) Hydajet Raco to third Zhi-peng Chen to second Runner from 3rd tries for Home, SAFE, throw by CF to home
|
Batting: RHB Alexandre Bousquet
|
0-0: Foul Ball, location: 2F 0-1: Ball 1-1: Fielders Choice at 2nd, 6-4 (Groundball, 6, EV 87.5 MPH)
|
Bottom of the 7th over - 2 runs, 3 hits, 0 errors, 2 left on base; Kosovo 1 - Tbilisi 3 |
TOP OF THE 8TH |
Kosovo Apple Sox batting - Pitching for Tbilisi Tritons : RHP Chan Bui
|
Batting: SHB Eryx Valkanas
|
0-0: Swinging Strike 0-1: Ball 1-1: Swinging Strike 1-2: SOLO HOME RUN (Flyball, 89XD, EV 96.9 MPH), Distance : 392 ft
|
Pinch Hitting: LHB Cavan O'Brien
|
0-0: Called Strike 0-1: Swinging Strike 0-2: Ball 1-2: Foul Ball, location: 25F 1-2: Ball 2-2: Ball 3-2: DOUBLE (Flyball, 8RXD, EV 105.0 MPH)
|
Pitching: RHP Dermott Crowe
|
|
Pinch Hitting: LHB Toby Gates
|
0-0: Foul Ball, location: 25F 0-1: Ball 1-1: Sac Bunt to P - play at first, batter OUT! 1-3 Cavan O'Brien to third
|
Batting: LHB Gilberto Mira
|
0-0: Called Strike 0-1: Ball 1-1: Ground out 4-3 (Groundball, 34S, EV 85.0 MPH)
|
Batting: LHB Waleed Moyenda
|
0-0: Called Strike 0-1: DOUBLE (Line Drive, 8RD, EV 106.3 MPH) Cavan O'Brien scores
|
Pinch Hitting: RHB Ricky Santana
|
0-0: Ground out 6-3 (Groundball, 6, EV 80.0 MPH)
|
Top of the 8th over - 2 runs, 3 hits, 0 errors, 1 left on base; Kosovo 3 - Tbilisi 3 |
BOTTOM OF THE 8TH |
Tbilisi Tritons batting - Pitching for Kosovo Apple Sox : LHP Yanni Kani
|
Now at 3B: Ricky Santana
|
|
Now at SS: Toby Gates
|
|
Now in LF: Waleed Moyenda
|
|
Now in CF: Eryx Valkanas
|
|
Now in RF: Ilies Lafon
|
|
Pinch Hitting: RHB Ammar Kamuliva
|
0-0: Ball 1-0: Foul Ball, location: 9LDF 1-1: Fly out, F9 (Flyball, 89M, EV 92.5 MPH)
|
Batting: RHB Duffy Ball
|
0-0: Ball 1-0: Ball 2-0: Ball 3-0: Called Strike 3-1: Foul Ball, location: 3DF 3-2: Base on Balls
|
Pitching: RHP Joko Subadio
|
|
Batting: RHB Hau Hoang
|
0-0: Fly out, F6 (Popup, 6S, EV 64.4 MPH)
|
Batting: RHB Paramananda Chitrangda
|
0-0: Swinging Strike 0-1: Called Strike 0-2: Foul Ball, location: 9LDF 0-2: Foul Ball, location: 7LDF 0-2: Strikes out swinging
|
Bottom of the 8th over - 0 runs, 0 hits, 0 errors, 1 left on base; Kosovo 3 - Tbilisi 3 |
TOP OF THE 9TH |
Kosovo Apple Sox batting - Pitching for Tbilisi Tritons : RHP Dermott Crowe
|
Pitching: LHP Eko Maryadi
|
|
Now in RF: Carlos Rivera
|
|
Batting: LHB Antti Vilkuna
|
0-0: Ball 1-0: Foul Ball, location: 5F 1-1: Foul Ball, location: 5FF 1-2: Ball 2-2: SINGLE (Groundball, 34D, EV 98.1 MPH)
|
Batting: RHB Asim Wasim
|
0-0: Ball 1-0: Foul Ball, location: 3F 1-1: Foul Ball, location: 2F 1-2: Fielders Choice at 2nd, 5-4 (Groundball, 56, EV 90.6 MPH)
|
Batting: SHB Artyusha Poghosbekova
|
0-0: Ball 1-0: Called Strike 1-1: Swinging Strike Passed Ball! Asim Wasim to second 1-2: Ball 2-2: SINGLE (Line Drive, 9LS, EV 93.8 MPH) Asim Wasim to third
|
Batting: SHB Eryx Valkanas
|
0-0: Ball 1-0: Fly out, F8 (Flyball, 8LS, EV 90.0 MPH)
|
Pinch Hitting: RHB Mathies Hoegh
|
0-0: Foul Ball, location: 23F 0-1: Ball 1-1: Fielders Choice at 2nd, 5-4 (Groundball, 56, EV 92.5 MPH)
|
Top of the 9th over - 0 runs, 2 hits, 0 errors, 2 left on base; Kosovo 3 - Tbilisi 3 |
BOTTOM OF THE 9TH |
Tbilisi Tritons batting - Pitching for Kosovo Apple Sox : RHP Joko Subadio
|
Now in RF: Mathies Hoegh
|
|
Batting: SHB Hydajet Raco
|
0-0: Ball 1-0: Fly out, F5 (Popup, 56S, EV 88.1 MPH)
|
Batting: RHB Zhi-peng Chen
|
0-0: Foul Ball, location: 2F 0-1: Foul Ball, location: 7LDF 0-2: Foul Ball, location: 23FF 0-2: Fly out, F7 (Flyball, 7S, EV 91.9 MPH)
|
Pinch Hitting: RHB Karim Marid
|
0-0: Called Strike 0-1: Ground out 6-3 (Groundball, 56, EV 98.1 MPH)
|
Bottom of the 9th over - 0 runs, 0 hits, 0 errors, 0 left on base; Kosovo 3 - Tbilisi 3 |
TOP OF THE 10TH |
Kosovo Apple Sox batting - Pitching for Tbilisi Tritons : LHP Eko Maryadi
|
Now in CF: Carlos Rivera
|
|
Now in RF: Karim Marid
|
|
Batting: LHB Toby Gates
|
0-0: Called Strike 0-1: Ball 1-1: Ball 2-1: Foul Ball, location: 5FF 2-2: DOUBLE (Flyball, 8LXD, EV 101.3 MPH)
|
Pinch Hitting: RHB Adam Koepf
|
0-0: Bunted foul 0-1: Sac Bunt to 5S - play at first, batter OUT! 5-4 Toby Gates to third
|
Batting: LHB Waleed Moyenda
|
0-0: Foul Ball, location: 5SF 0-1: Foul Ball, location: 2LF 0-2: SINGLE (Groundball, 34, EV 83.8 MPH) Toby Gates scores
|
Batting: RHB Ricky Santana
|
0-0: Ball 1-0: Ball 2-0: Ball 3-0: Base on Balls Waleed Moyenda to second
|
Batting: LHB Antti Vilkuna
|
0-0: Ball 1-0: Ball 2-0: Swinging Strike 2-1: Foul Ball, location: 25F 2-2: Grounds into double play, 4-6-3 (Groundball, 4, EV 85.0 MPH)
|
Top of the 10th over - 1 run, 2 hits, 0 errors, 1 left on base; Kosovo 4 - Tbilisi 3 |
BOTTOM OF THE 10TH |
Tbilisi Tritons batting - Pitching for Kosovo Apple Sox : RHP Joko Subadio
|
Pitching: RHP Dennehy Coulter
|
|
Now at C: Vern Doubleday
|
|
Batting: RHB Alheib al-Qadhafi
|
0-0: Ball 1-0: Swinging Strike 1-1: Ball 2-1: Ground out 6-3 (Groundball, 56, EV 105.6 MPH)
|
Batting: RHB Alexandre Bousquet
|
0-0: Foul Ball, location: 5F 0-1: Foul Ball, location: 5DF 0-2: Ball 1-2: Ball 2-2: Foul Ball, location: 2F 2-2: Fly out, F4 (Popup, 3S, EV 91.9 MPH)
|
Pinch Hitting: RHB Labib Ndururi
|
0-0: Swinging Strike 0-1: Foul Ball, location: 2F 0-2: Strikes out swinging
|
Bottom of the 10th over - 0 runs, 0 hits, 0 errors, 0 left on base; Kosovo 4 - Tbilisi 3 |
|